 Dungeon Crawl Stone Soup version 0.20-a0-386-g2d247ea (webtiles) character file.

2288 Kriby the Thaumaturge (level 9, 0/57 HPs)
             Began as a Mummy Fire Elementalist on Dec 29, 2016.
             Was a Believer of Sif Muna.
             Killed from afar by Erolcha (35 damage)
             ... with a crystal spear
             ... on level 9 of the Dungeon.
             The game lasted 01:16:15 (7433 turns).

Kriby the Thaumaturge (Mummy Fire Elementalist)     Turns: 7433, Time: 01:16:15

Health: 0/57       AC:  5    Str: 16    XL:     9   Next: 17%
Magic:  32/32      EV: 12    Int: 17    God:    Sif Muna [**....]
Gold:   223        SH:  0    Dex: 13    Spells: 24/28 levels left

rFire  x . .     SeeInvis .     e - +1 mace
rCold  + . .     Gourm    .     d - +0 leather armour
rNeg   + + +     Faith    .     (no shield)
rPois  ∞         Spirit   .     k - +0 helmet
rElec  .         Reflect  .     (no cloak)
rCorr  .         Harm     .     (no gloves)
MR     +....                    c - +0 pair of boots
Stlth  +.........               (no amulet)
                                i - ring of magical power
                                q - +5 ring of strength (curse)

@: confused, very slightly contaminated
A: no food or potions, fire vulnerability, cold resistance 1, negative energy
resistance 3, torment resistance, unbreathing
a: Divine Energy, Renounce Religion


You were on level 9 of the Dungeon.
You worshipped Sif Muna.
Sif Muna was pleased with you.
You were not hungry.

You visited 2 branches of the dungeon, and saw 8 of its levels.

You collected 432 gold pieces.
You spent 209 gold pieces at shops.

Inventory:

Hand Weapons
 e - a +1 mace (weapon)
Missiles
 f - 7 tomahawks (quivered)
 g - 200 stones
Armour
 c - a +0 pair of boots (worn)
 d - a +0 leather armour (worn)
 k - a +0 helmet (worn)
Magical Staves
 n - an uncursed staff of summoning
 o - an uncursed staff of death
Jewellery
 i - a ring of magical power (right hand)
 q - a cursed +5 ring of strength (left hand)
Wands
 j - a wand of paralysis (3/24)
 r - a wand of flame (28/48)
Scrolls
 l - 2 scrolls of identify
 m - 7 scrolls of remove curse
Books
 b - a book of Flames

   Spells                             Type                      Level
   a - Flame Tongue                   Conjuration/Fire             1
   b - Throw Flame                    Conjuration/Fire             2
   c - Conjure Flame                  Conjuration/Fire             3
   d - Inner Flame                    Hexes/Fire                   3
   e - Sticky Flame                   Conjuration/Fire             4
   f - Fireball                       Conjuration/Fire             5
 h - a book of Misfortune

   Spells                             Type                      Level
   a - Confusing Touch                Hexes                        1
   b - Confuse                        Hexes                        3
   c - Gell's Gravitas                Hexes/Translocation          3
   d - Petrify                        Transmutation/Earth          4
   e - Metabolic Englaciation         Hexes/Ice                    5
   f - Yara's Violent Unravelling     Hexes/Transmutation          5


   Skills:
 - Level 1.5 Dodging
 - Level 1.5 Stealth
 * Level 10.3 Spellcasting
 + Level 5.6 Conjurations
 + Level 5.4 Fire Magic


You had 24 spell levels left.
You knew the following spells:

 Your Spells              Type           Power        Failure   Level  Hunger
a - Flame Tongue          Conj/Fire      ####.        1%          1    N/A
b - Conjure Flame         Conj/Fire      ####....     3%          3    N/A

Dungeon Overview and Level Annotations

Branches:
Dungeon (6/15)             Temple (1/1) D:4

Altars:
Ashenzari
Cheibriados
Dithmenos
Fedhas
Gozag
Hepliaklqana
Kikubaaqudgha
Makhleb
Nemelex Xobeh
Okawaru
Qazlal
Ru
Sif Muna
Trog
Uskayaw
Vehumet
Xom
Yredelemnul
Zin
The Shining One

Shops:
D:5 *   D:9 }

Annotations:
D:3 exclusion: 2 downstairs
D:4 exclusion: downstairs
D:5 exclusion: downstairs
D:9 Erica, Erolcha


Innate Abilities, Weirdness & Mutations

You do not eat or drink.
Your flesh is vulnerable to fire.
You are immune to poison.
Your flesh is cold resistant. (rC+)
You are immune to negative energy. (rN+++)
You are immune to unholy pain and torment.
You can survive without breathing.


Message History

Erolcha mumbles some strange words.
Erolcha seems to speed up.
Found a meat ration.
Erolcha points at you and mumbles some strange words.
The bolt of cold hits you! You resist.
Erolcha mumbles some strange words.
Things that are here:
a meat ration; 15 stones Erolcha misses you.
Erolcha screams, "Eat!"
Erolcha barely misses you. Erolcha barely misses you.
You are confused.
Erolcha barely misses you.
You closely miss Erolcha.
Erolcha is lightly wounded.
Erolcha gestures at you while chanting. The crystal spear hits you!
Ouch! That really hurt!
You die...

#.......# ###...≈≈..#.
#.. .poo..≈≈.... ..y
#p#o..≈≈.# #.#
#.....o..# #.#
###p.o...# #.#
#..)...# #.#
#......##.#####.#
#...$..##.....@.# #
#......#######.O#.####
######..........o.o...
.#######.#...##. #
#.#.#.# #.#.#.# ....#
#.#.# # ....# #%#.#
....# #.#


You could see Erolcha, a killer bee (wandering) and an orc.

Vanquished Creatures
  Pikel (D:9)
  2 orc warriors
  A sky beast (D:5)
  2 eyes of draining (D:4)
  An ice beast (D:6)
  An ogre (D:6)
  3 centaurs
  A big kobold (D:9)
  A bullfrog (D:6)
  2 scorpions
  A crimson imp (D:6)
  4 orc priests
  A centaur skeleton (D:6)
  3 hounds
  3 orc wizards
  3 worker ants
  A hound skeleton (D:6)
  A gnoll (D:4)
  10 adders
  2 river rats (D:5)
  2 shadow imps
  2 oozes
  A worm (D:2)
  2 adder skeletons
  3 dart slugs
  4 leopard geckos
  14 orcs
  2 ball pythons (D:5)
  14 bats
  6 giant cockroaches
  8 goblins
  9 hobgoblins
  17 jackals
  3 quokkas
  3 frilled lizards
  10 kobolds
  7 rats
151 creatures vanquished.

Vanquished Creatures (others)
  4 slaves (D:9)
4 creatures vanquished.

Grand Total: 155 creatures vanquished

Notes
Turn   | Place    | Note
-------+----------+-------------------------------------------
     0 | D:1      | Kriby the Mummy Fire Elementalist began the quest for the Orb.
     0 | D:1      | Reached XP level 1. HP: 13/13 MP: 4/4
   240 | D:1      | Reached skill level 1 in Conjurations
   374 | D:1      | Reached XP level 2. HP: 19/19 MP: 1/5
   496 | D:1      | Reached skill level 3 in Spellcasting
   844 | D:1      | You fall through a shaft!
   848 | D:2      | Reached XP level 3. HP: 24/24 MP: 4/7
   853 | D:2      | Learned a level 3 spell: Conjure Flame
  1380 | D:2      | Found a stormy altar of Qazlal.
  1643 | D:2      | Reached XP level 4. HP: 30/30 MP: 6/9
  2406 | D:3      | Reached skill level 4 in Spellcasting
  2803 | D:3      | Reached XP level 5. HP: 31/35 MP: 3/11
  3056 | D:4      | Noticed an orc warrior
  3383 | D:4      | Killed an orc warrior
  3383 | D:4      | Reached skill level 5 in Spellcasting
  3383 | D:4      | Reached XP level 6. HP: 41/41 MP: 8/14
  3589 | D:4      | Found a staircase to the Ecumenical Temple.
  3645 | Temple   | Entered the Ecumenical Temple
  3799 | Temple   | Became a worshipper of Sif Muna the Loreminder
  4637 | D:4      | Reached skill level 6 in Spellcasting
  4751 | D:4      | Reached XP level 7. HP: 46/46 MP: 13/16
  4914 | D:4      | Reached * piety under Sif Muna
  4915 | D:4      | Found a bloodstained altar of Trog.
  5236 | D:5      | Entered Level 5 of the Dungeon
  5367 | D:5      | Reached skill level 7 in Spellcasting
  5845 | D:5      | Paralysed by an orc priest for 2 turns
  5848 | D:5      | Reached XP level 8. HP: 41/52 MP: 19/19
  5921 | D:5      | Found Tohyasme's Assorted Antiques.
  5931 | D:5      | Bought a scroll labeled TIUFIN XOAG for 19 gold pieces
  5931 | D:5      | Bought a scroll labeled OLUEGO YNAY for 19 gold pieces
  5931 | D:5      | Bought a scratched emerald ring for 95 gold pieces
  5931 | D:5      | Bought a long brass wand for 76 gold pieces
  6115 | D:5      | Found a hazy altar of Hepliaklqana.
  6204 | D:5      | Reached skill level 8 in Spellcasting
  6782 | D:6      | Found an iron altar of Okawaru.
  6794 | D:6      | Reached ** piety under Sif Muna
  6794 | D:6      | Reached skill level 5 in Conjurations
  6871 | D:6      | Reached skill level 9 in Spellcasting
  7075 | D:6      | Reached skill level 5 in Fire Magic
  7100 | D:6      | You fall through a shaft for 3 floors!
  7100 | D:9      | Noticed Pikel
  7235 | D:9      | Found Bofoter's Gadget Boutique.
  7283 | D:9      | Noticed Erica
  7309 | D:9      | Killed Pikel
  7309 | D:9      | Reached skill level 10 in Spellcasting
  7309 | D:9      | Reached XP level 9. HP: 42/57 MP: 19/23
  7389 | D:9      | Noticed Erolcha
  7433 | D:9      | Killed from afar by Erolcha

Vault maps used:
D:1:      lemuel_arrival_lava_pool, minivault_27
D:2:      grunt_qazlal_clouds, minmay_cupped
D:3:      first_bread
D:4:      trog_eyes_of_draining, hangedman_decor_riveting, minmay_distorted
D:5:      kennysheep_mini_moat, portal_sewer_entry_e, serial_shops,
          nicolae_shop_waterfront
D:6:      okawaru_metal_pillars_1_2
D:9:      lemuel_crystal_altar, serial_shops, shop, uniq_erolcha, uniq_pikel,
          uniq_erica
Temple:   eino_temple_rhombus

Skill      XL: |  1  2  3  4  5  6  7  8 |
---------------+-------------------------+-----
Conjurations   | 1 2 3 4 5 |  5.6
Spellcasting   | 3 4 5 6 7 10 | 10.3
Fire Magic     | 3 4 5 |  5.4
Dodging        | |  1.5
Stealth        | |  1.5

Action                   |  1- 3 |  4- 6 |  7- 9 || total
-------------------------+-------+-------+-------++-------
Melee: Mace              |     3 |       |    59 ||    62
Throw: Stone             |    36 |    41 |     5 ||    82
       Tomahawk          |       |       |    10 ||    10
 Cast: Flame Tongue      |    70 |   156 |   205 ||   431
       Conjure Flame     |       |     3 |     2 ||     5
Evoke: Wand              |       |       |     4 ||     4
  Use: Scroll            |       |     8 |     7 ||    15
 Stab: Paralysed         |       |       |     5 ||     5
Armor: Leather armour    |    18 |    26 |    40 ||    84
Dodge: Dodged            |    30 |    42 |    99 ||   171
